Map: Ruins of Seras

Players

Elroye

  • Race: Zerg Zerg

Erik - Winner!

  • Race: Zerg Zerg

Event: NationWars III

VOD

Have the link to the VOD?

Description

Time

  • Played on: Nov. 20, 2015, 2:21 p.m.
  • Length: 4:35
Show
View Real Time Build Order
Export as new Build Order

Elroye Zerg 

Build Orders: Pool First 

Get SALT Encoding   

  12  0:01  Drone  
  13  0:08  Drone  
  14  0:25  Spawning Pool  
  13  0:30  Drone  
  14  0:35  Extractor  
  14  0:36  Drone  
  14  1:03  Hatchery  
  13  1:20  Queen  
  13  1:21  Extractor  
  15  1:29  Overlord  
  15  1:39  Metabolic Boost  
  15  1:47  Zergling x2  
  15  1:49  Zergling x2  
  15  1:54  Zergling x2  
  18  2:00  Zergling x2  
  19  2:12  Zergling x2  
  20  2:17  Zergling x2  
  20  2:22  Zergling x2  
  22  2:32  Zergling x8  
  26  2:40  Zergling x4  
  28  2:49  Extractor  
  28  2:50  Zergling x2  
  28  2:55  Overlord  
  27  3:08  Zergling x2  
  28  3:14  Zergling x6  
  28  3:17  Zergling x2  
  28  3:42  Drone x4  
  29  4:00  Drone  
  21  4:13  Zergling x8  
Show
View Real Time Build Order
Export as new Build Order

Erik Zerg - Winner!

Build Orders: Pool First 

Get SALT Encoding   

  12  0:01  Drone  
  13  0:14  Overlord  
  13  0:18  Drone  
  14  0:33  Drone x2  
  16  0:37  Extractor  
  16  0:38  Drone  
  16  0:48  Spawning Pool  
  15  0:52  Drone  
  16  1:16  Hatchery  
  15  1:36  Metabolic Boost  
  15  1:38  Queen  
  17  1:45  Overlord  
  17  1:50  Zergling x2  
  19  1:54  Zergling x2  
  19  2:03  Baneling Nest  
  19  2:07  Zergling x2  
  19  2:10  Zergling x2  
  20  2:19  Zergling x2  
  21  2:30  Zergling x4  
  23  2:40  Zergling x2  
  23  2:43  Zergling x2  
  25  2:47  Zergling x6  
  28  2:53  Zergling x2  
  28  2:58  Zergling x2  
  30  3:03  Zergling x2  
  31  3:06  Baneling x3  
  31  3:12  Zergling x2  
  32  3:15  Baneling  
  32  3:16  Baneling  
  32  3:23  Zergling x4  
  34  3:34  Zergling x4  
  34  3:39  Zergling x2  
  35  3:54  Zergling x4  
  35  3:55  Zergling x4  
  32  4:08  Zergling x2  
  32  4:09  Zergling x4  
  32  4:16  Zergling x2  
  32  4:17  Zergling x2  
Tags
 
Add a new tag
Caveats
  • Supply blocks, unpowered buildings, or Contaminate may cause inaccurate times.
  • Supply counts are checked every 10 seconds.